 Dungeon Crawl Stone Soup version 0.28-a0-863-g8cecda6153 (webtiles) character file.

Game seed: 15720018769798468093

798 Rennog the Fighter (level 7, -9/63 HPs)
             Began as a Demonspawn Berserker on Nov 17, 2021.
             Was a Believer of Trog.
             Killed from afar by a gargoyle (23 damage)
             ... with a stone arrow
             ... on level 5 of the Dungeon.
             The game lasted 00:04:51 (3386 turns).

Rennog the Fighter (Demonspawn Berserker)           Turns: 3386, Time: 00:04:51

Health: -9/63      AC:  3    Str: 18    XL:     7   Next: 58%
Magic:  0/7        EV: 12    Int:  8    God:    Trog [**....]
Gold:   223        SH:  0    Dex: 14    Spells: 6/6 levels left

rFire   . . .      SeeInvis +   l - +1 short sword (elec)
rCold   + . .      Faith    .   (no shield)
rNeg    . . .      Spirit   +   b - +0 animal skin
rPois   .          Reflect  .   (helmet restricted)
rElec   .          Harm     .   h - +0 cloak
rCorr   .          Rampage  .   (no gloves)
Will    .....                   (no boots)
Stlth   +.........              j - amulet of guardian spirit
HPRegen 0.20/turn               d - ring of protection from cold
MPRegen 0.10/turn               w - ring of see invisible

@: on berserk cooldown, slowed, very slow
A: horns 2, demonic guardian 2
a: Renounce Religion, Berserk, Trog's Hand


You were on level 5 of the Dungeon.
You worshipped Trog.
Trog was pleased with you.
You visited 1 branch of the dungeon, and saw 5 of its levels.

You collected 223 gold pieces.

Inventory:

Hand Weapons
 a - a +0 short sword
 l - a +1 short sword of electrocution (weapon)
 t - a +0 quick blade
Armour
 b - a +0 animal skin (worn)
 h - a +0 cloak (worn)
Jewellery
 d - a ring of protection from cold (left hand)
 j - an amulet of guardian spirit (around neck)
 w - a ring of see invisible (right hand)
Wands
 x - a wand of polymorph (13)
Scrolls
 c - 2 scrolls of teleportation {unknown}
 i - a scroll of magic mapping {unknown}
 k - a scroll of holy word {unknown}
 n - a scroll of brand weapon {unknown}
 o - a scroll of amnesia {unknown}
 p - a scroll of enchant armour {unknown}
 s - a scroll of immolation {unknown}
 u - 2 scrolls of identify {unknown}
 v - a scroll of enchant weapon {unknown}
 y - a scroll of vulnerability {unknown}
 z - a scroll of blinking {unknown}
Potions
 e - 3 potions of curing {unknown}
 f - a potion of magic {unknown}
 g - a potion of degeneration {unknown}
 m - a potion of attraction {unknown}
 q - a potion of haste {unknown}
 r - a potion of heal wounds {unknown}


   Skills:
 * Level 8.9 Fighting
 - Level 2.6 Short Blades
 + Level 2.1 Armour
 + Level 2.1 Dodging


You had 6 spell levels left.
You didn't know any spells.
Your spell library was empty.

Dungeon Overview and Level Annotations

Branches:
Dungeon (5/15)
 Temple: D:4-7

Altars:


Innate Abilities, Weirdness & Mutations

You have a pair of horns on your head.
A demonic guardian rushes to your aid.


Message History

The gargoyle is moderately damaged.
The gargoyle hits you with a +0 mace!!
Your hellwing closely misses the gargoyle.
Your hellwing hits the gargoyle.
You are too injured to fight recklessly!
You are too injured to fight recklessly!
You are too injured to fight recklessly!
You are too injured to fight recklessly!
You are too injured to fight recklessly!
You are too injured to fight recklessly!
You are too injured to fight recklessly!
You are too injured to fight recklessly!
You are too injured to fight recklessly!
You are too injured to fight recklessly!
You are too injured to fight recklessly!
You are too injured to fight recklessly!
You are too injured to fight recklessly!
You are too injured to fight recklessly!
You are too injured to fight recklessly!
You are too injured to fight recklessly!
You are too injured to fight recklessly!
You are too injured to fight recklessly!
You are too injured to fight recklessly!
You are too injured to fight recklessly!
Unknown command.
Your hellwing hits the gargoyle but does no damage. x2
The gargoyle completely misses you.
Your hellwing hits the gargoyle but does no damage.
Your hellwing completely misses the gargoyle.
You hit the gargoyle but do no damage.
The gargoyle is moderately damaged.
The gargoyle barely misses you.
Your hellwing hits the gargoyle!
Your hellwing closely misses the gargoyle.
The gargoyle hurls a stone arrow at you.
The stone arrow hits you!!
* * * LOW HITPOINT WARNING * * *
Your hellwing hits the gargoyle but does no damage. x2
The gargoyle hurls a stone arrow at you.
The stone arrow hits you!!
You die...

#. #.....# ..
#.....# #
#.#..(#.##.##
.##...........
..........#.##
#.4....#
#.98#8.#
##.#?#.#
#@.8#8.#
##.....#
##.##....# #.#
##.# #.# #.##
#..# #...#
##.# #...#
#.###...#


You could see a gargoyle (ally target) and a friendly hellwing (summoned).

Vanquished Creatures
  A black bear (D:4)
  An ogre (D:4)
  A water moccasin zombie (D:3)
  5 wights (D:4)
  2 orc priests (D:3)
  A hound (D:5)
  An iguana (D:5)
  2 hound skeletons (D:4)
  4 adders
  3 gnolls (D:3)
  2 adder skeletons (D:4)
  3 worms
  3 dart slugs
  13 orcs
  5 endoplasms
  3 giant cockroaches
  4 goblins
  3 hobgoblins
  A jackal (D:1)
  5 kobolds
  5 quokkas
  3 ball pythons
  4 bats
  5 frilled lizards
  A rat (D:3)
81 creatures vanquished.

Vanquished Creatures (collateral kills)
  A water moccasin skeleton (D:5)
  A dart slug (D:1)
  A giant cockroach (D:1)
3 creatures vanquished.

Grand Total: 84 creatures vanquished

Notes
Turn   | Place    | Note
-------+----------+-------------------------------------------
     0 | D:1      | Rennog the Demonspawn Berserker began the quest for the
                  | Orb.
     0 | D:1      | Reached XP level 1. HP: 18/18 MP: 1/1
   116 | D:1      | Gained mutation: A weak demonic guardian rushes to your
                  | aid. [demonic ancestry]
   116 | D:1      | Reached XP level 2. HP: 21/24 MP: 2/2
   705 | D:1      | Reached skill level 4 in Fighting
  1011 | D:1      | Reached XP level 3. HP: 30/30 MP: 3/3
  1179 | D:2      | You fall into a shaft and drop 1 floor!
  1221 | D:3      | Reached skill level 5 in Fighting
  1221 | D:3      | Gained mutation: You have a pair of small horns on your
                  | head. [demonic ancestry]
  1221 | D:3      | Reached XP level 4. HP: 39/39 MP: 4/4
  1477 | D:3      | Gained mutation: You have a pair of horns on your head.
                  | [demonic ancestry]
  1477 | D:3      | Reached XP level 5. HP: 46/46 MP: 5/5
  1922 | D:3      | Reached skill level 6 in Fighting
  2467 | D:4      | Reached ** piety under Trog
  2547 | D:4      | Noticed a black bear
  2552 | D:4      | Killed a black bear
  2553 | D:4      | Reached skill level 7 in Fighting
  2553 | D:4      | Gained mutation: A demonic guardian rushes to your aid.
                  | [demonic ancestry]
  2553 | D:4      | Reached XP level 6. HP: 55/55 MP: 6/6
  2699 | D:4      | Reached skill level 8 in Fighting
  2699 | D:4      | Reached XP level 7. HP: 41/62 MP: 2/7
  3200 | D:5      | Entered Level 5 of the Dungeon
  3375 | D:5      | Noticed a gargoyle
  3386 | D:5      | Killed from afar by a gargoyle

Illustrated notes

Levels and vault maps discovered:
D:1:      dpeg_arrival_brainrot, layout_loops_ring, minmay_misc_feat_enclosed,
          dk_noncrumbling_2
D:2:      layout_basic, uniq_sigmund, uniq_robin, uniq_terence
D:3:      layout_loops_corners, supply_closet_lemuel
D:4:      layout_rooms
D:5:      layout_basic, lemuel_mausoleum_altar_kikubaaqudgha,
          minmay_statues_item

Skill      XL: |  1  2  3  4  5  6  7 |
---------------+----------------------+-----
Fighting       | 4 5 7 8 |  8.9
Dodging        | 2 |  2.1
Armour         | 2 |  2.1
Short Blades   | |  2.6

Action                   |  1- 3 |  4- 6 |  7- 9 || total
-------------------------+-------+-------+-------++-------
Melee: Short sword       |    70 |    93 |    44 ||   207
       Headbutt          |       |    18 |     4 ||    22
Invok: Berserk           |     3 |     6 |     5 ||    14
 Stab: Distracted        |       |       |     1 ||     1
Armor: Animal skin       |    12 |    15 |     2 ||    29
Dodge: Dodged            |    41 |    47 |    30 ||   118

Table legend: (Time is in decaauts)
 A = Elapsed time spent in this place.
 B = Non-inter-level travel time spent in this place.
 C = Inter-level travel time spent in this place.
 D = Time resting spent in this place.
 E = Time spent auto-exploring this place.
 F = Levels seen in this place.
 G = Mean time per level.
                   A        B        C        D        E       F      G
               +--------+--------+--------+--------+--------+-----+--------+
         Total |   3489 |   3401 |     88 |    156 |   2765 |   5 |  697.8 |
       Dungeon |   3489 |   3401 |     88 |    156 |   2765 |   5 |  697.8 |
               +--------+--------+--------+--------+--------+-----+--------+

Top non-repeatable levels by time:
     D:3: 1233 daAuts
     D:1: 1092 daAuts
     D:4: 875 daAuts
     D:5: 195 daAuts
     D:2: 92 daAuts
